 Dungeon Crawl Stone Soup version 0.31-a0-564-g3b7de120b3 (webtiles) character file.

Game seed: 14252195789039837931

226 freelancePsychic the Ruffian (level 6, 0/55 (69) HPs)
             Began as a Djinni Shapeshifter on Aug 17, 2023.
             Was a Follower of Ru.
             Slain by a killer bee (3 damage)
             ... on level 7 of the Dungeon.
             The game lasted 00:04:47 (3603 turns).

freelancePsychic the Ruffian (Djinni Shapeshifter)  Turns: 3603, Time: 00:04:48

HP:   0/55 (69)     AC: 23    Str: 20    XL:     6   Next: 22%
Gold: 140           EV:  2    Int: 12    God:    Ru [*.....] SH:  0 Dex: 13

rFire   . . .        a - +2 dagger (pain)
rCold   . . .        (no shield)
rNeg    . . .        n - melded +0 leather armour
rPois   ∞            (helmet currently unavailable)
rElec   .            (cloak currently unavailable)
rCorr   .            (gloves currently unavailable)
SInv    .            (boots unavailable)
Will    .....        v - amulet of the acrobat
Stlth   +            m - +6 ring of strength
HPRegen 0.29/turn    (no ring)
MPRegen 0.00/turn

%: acrobat, infuse magic (-1 HP)
@: tree-form (expiring), heavily drained, unable to drink
A: stationary, stasis, torment immunity, boosted hp, sickness immunity, (fire
resistance 2), (cold vulnerability 1), inability to drink after injury 2, float,
innate caster, HP casting, extra vitality 1
a: Renounce Religion


You were on level 7 of the Dungeon.
You worshipped Ru.
Ru was aware of your devotion.
You were a tree.
You visited 1 branch of the dungeon, and saw 5 of its levels.

You collected 140 gold pieces.

Inventory:

Hand Weapons
 a - a +2 dagger of pain (weapon)
Armour
 h - a +0 animal skin
 n - a +0 leather armour (melded)
Jewellery
 m - a +6 ring of strength (left branch)
 v - an amulet of the acrobat (around neck)
Talismans
 c - a beast talisman
 d - a flux talisman
 p - a blade talisman
Scrolls
 e - a scroll of teleportation {@r4}
 g - a scroll of enchant armour {unknown}
 k - 2 scrolls of identify {@r1}
 l - a scroll of silence {unknown}
 q - a scroll of amnesia {unknown}
 r - a scroll of brand weapon
 s - a scroll of blinking {unknown}
 u - a scroll of fog
Potions
 f - a potion of curing {unknown}
 i - a potion of berserk rage {unknown}
 j - a potion of attraction {unknown}
 o - 3 potions of heal wounds {@q2}
 t - 2 potions of ambrosia {unknown}
 w - a potion of degeneration {unknown}


   Skills:
 + Level 3.0 Fighting
 + Level 2.0 Short Blades
 - Level 2.2 Dodging
 - Level 3.0 Unarmed Combat
 * Level 2.5 Spellcasting
 * Level 2.5 Conjurations
 * Level 2.5 Hexes
   Level 0.0 Charms
 * Level 2.5 Summonings
 * Level 2.5 Necromancy
 * Level 2.5 Translocations
 * Level 2.5 Transmutations
 * Level 2.5 Fire Magic
 * Level 2.5 Ice Magic
 * Level 2.5 Air Magic
 * Level 2.5 Earth Magic
 * Level 2.5 Poison Magic
 - Level 2.9 Shapeshifting


You knew the following spells:

 Your Spells              Type           Power      Damage    Failure   Level
a - Kiss of Death         Conj/Necr      28%        2d7       10%         1
b - Wereblood             Tmut           7%         N/A       14%         2
Your spell library was empty.

Dungeon Overview and Level Annotations

Branches:
Dungeon (4/15)
 Temple: D:4-7

Altars:
Ru
Trog

Shops:
D:2 !

Annotations:
D:4 Grinder


Innate Abilities, Weirdness & Mutations

You are a tree.
Your roots penetrate the ground, keeping you stationary.
You cannot be teleported.
You are immune to unholy pain and torment.
Your maximum health is greatly increased.
Your equipment is partially melded.
You are immune to sickness and miasma.
You are immune to poison.
((Your flesh is very heat resistant. (rF++)))
((You are vulnerable to cold. (rC-)))
You sometimes lose the ability to drink potions when taking damage.
You float through the air rather than walking.
You learn spells naturally, not from books.
Your magical power is your life essence.
You have superior vitality. (+4 MHP)


Message History

The killer bee stings you but does no damage.
The killer bee stings you.
The killer bee stings you but does no damage. x2
You hit the killer bee but do no damage.
The killer bee is heavily wounded.
You can drink potions again.
The killer bee stings you but does no damage. x3
The killer bee stings you. x2
You feel threatened and lose the ability to drink potions!
The killer bee stings you.
You closely miss the killer bee.
The killer bee is moderately wounded.
The killer bee stings you.
A killer bee comes into view.
The killer bee stings you.
The killer bee stings you but does no damage.
The killer bee buzzes angrily.
You hit the killer bee.
The killer bee writhes in agony.
The killer bee is severely wounded.
The killer bee stings you.
* * * LOW HITPOINT WARNING * * *
The killer bee stings you but does no damage.
The killer bee stings you.
* * * LOW HITPOINT WARNING * * *
The killer bee stings you but does no damage. x3
As you read the scroll labelled JUATSA DI UBBI, it crumbles to dust.
It is a scroll of brand weapon.
Okay, then.
The killer bee stings you but does no damage.
The killer bee stings you.
* * * LOW HITPOINT WARNING * * *
The killer bee stings you but does no damage. x4
As you read the scroll labelled PENWOY HESHYAST, it dissolves into smoke.
It was a scroll of fog.
Your transformation is almost over.
The killer bee stings you but does no damage. x4
The killer bee stings you.
* * * LOW HITPOINT WARNING * * *
The killer bee stings you.
You die...

..#. #.......#
.....## .......#
#......#######......#
#.......##......#
#.#####[........# #
####......# #y§§...#
#yy§...# #♣y§...#
########


You could see 4 killer bees.

Vanquished Creatures
  A killer bee (D:7)
  Natasha (twice) (D:3)
  7 adders
  3 worms
  2 dart slugs
  An orc (D:3)
  6 bats
  5 endoplasms
  2 giant cockroaches (D:2)
  5 hobgoblins
  3 jackals (D:3)
  4 kobolds
  5 quokkas
  4 ball pythons
  4 frilled lizards
  7 goblins
  A rat (D:1)
62 creatures vanquished.

Notes
Turn   | Place    | Note
-------+----------+-------------------------------------------
     0 | D:1      | freelancePsychic the Djinni Shapeshifter began the quest
                  | for the Orb.
     0 | D:1      | Reached XP level 1. HP: 17/17 MP: 0/0
   281 | D:1      | Reached XP level 2. HP: 22/22 MP: 0/0
  1069 | D:2      | Reached XP level 3. HP: 27/28 MP: 0/0
  1069 | D:2      | Learned a level 1 spell: Kiss of Death
  1285 | D:2      | Found Oxkixkeg's Distillery.
  1325 | D:2      | Reached skill level 1 in Spellcasting
  1325 | D:2      | Reached skill level 1 in Conjurations
  1325 | D:2      | Reached skill level 1 in Hexes
  1325 | D:2      | Reached skill level 1 in Summonings
  1325 | D:2      | Reached skill level 1 in Necromancy
  1325 | D:2      | Reached skill level 1 in Translocations
  1325 | D:2      | Reached skill level 1 in Transmutations
  1325 | D:2      | Reached skill level 1 in Fire Magic
  1325 | D:2      | Reached skill level 1 in Ice Magic
  1325 | D:2      | Reached skill level 1 in Air Magic
  1325 | D:2      | Reached skill level 1 in Earth Magic
  1325 | D:2      | Reached skill level 1 in Poison Magic
  1412 | D:2      | Reached XP level 4. HP: 25/33 MP: 0/0
  1422 | D:2      | Reached skill level 1 in Short Blades
  2089 | D:3      | Noticed Natasha
  2111 | D:3      | Reached XP level 5. HP: 28/39 MP: 0/0
  2111 | D:3      | Learned a level 2 spell: Wereblood
  2116 | D:3      | Killed Natasha
  2212 | D:3      | Noticed Natasha
  2484 | D:3      | Killed Natasha
  2716 | D:3      | Found a faded altar of an unknown god.
  2857 | D:3      | Found a bloodstained altar of Trog.
  2890 | D:3      | Prayed at the altar of an unknown god.
  2890 | D:3      | Became a worshipper of Ru the Awakened
  2901 | D:3      | Gained mutation: You occasionally lose the ability to drink
                  | potions when taking damage. [Ru sacrifice]
  2901 | D:3      | Gained mutation: You sometimes lose the ability to drink
                  | potions when taking damage. [Ru sacrifice]
  2901 | D:3      | Reached * piety under Ru
  3343 | D:4      | Identified the +0 plate armour of Cynicism {rF++}
  3348 | D:4      | Noticed Grinder
  3509 | D:4      | You are sucked into a shaft and drop 3 floors!
  3535 | D:7      | Reached XP level 6. HP: 8/37 MP: 0/0
  3603 | D:7      | Slain by a killer bee

Illustrated notes

Levels and vault maps discovered:
D:1:      lightli_arrival_farm, layout_basic, serial_curves, eino_curves_01,
          eino_curves_04, eino_curves_04
D:2:      layout_basic, serial_shops, nicolae_square_shop
D:3:      minmay_general_purpose_star, layout_basic, trog_butcher_becter,
          shapermc_ecumenical_altar_mp_urbaneastern, kennysheep_nub,
          kennysheep_generic_room_2, uniq_natasha
D:4:      layout_basic, uniq_blork_the_orc, uniq_sigmund, uniq_grinder
D:7:      layout_rooms, minmay_temple_entry_glassed_door, the_hattery,
          uniq_joseph, uniq_prince_ribbit1

Skill      XL: |  1  2  3  4  5 |
---------------+----------------+-----
Fighting       | 2 3 |  3.0
Spellcasting   | 1 2 |  2.5
Conjurations   | 1 2 |  2.5
Hexes          | 1 2 |  2.5
Summonings     | 1 2 |  2.5
Necromancy     | 1 2 |  2.5
Translocations | 1 2 |  2.5
Transmutations | 1 2 |  2.5
Fire Magic     | 1 2 |  2.5
Ice Magic      | 1 2 |  2.5
Air Magic      | 1 2 |  2.5
Earth Magic    | 1 2 |  2.5
Poison Magic   | 1 2 |  2.5
Short Blades   | 1 2 |  2.0
Dodging        | |  2.2
Unarmed Combat | |  3.0
Shapeshifting  | |  2.9

Action                     |  1- 3 |  4- 6 || total
---------------------------+-------+-------++-------
  Melee: Unarmed           |    28 |       ||    28
         Dagger            |    57 |   146 ||   203
         Punch             |     1 |     6 ||     7
   Cast: Kiss of Death     |       |     3 ||     3
         Wereblood         |       |     1 ||     1
 Invoke: Sacrifice Drink   |       |     1 ||     1
    Use: Scroll            |       |     4 ||     4
         Potion            |       |     2 ||     2
 Armour: Animal skin       |     8 |       ||     8
         Leather armour    |     5 |    20 ||    25
         Skin              |       |    44 ||    44
  Dodge: Dodged            |    44 |    79 ||   123

Table legend: (Time is in decaauts)
 A = Elapsed time spent in this place.
 B = Non-inter-level travel time spent in this place.
 C = Inter-level travel time spent in this place.
 D = Time resting spent in this place.
 E = Time spent auto-exploring this place.
 F = Levels seen in this place.
 G = Mean time per level.
                   A        B        C        D        E       F      G
               +--------+--------+--------+--------+--------+-----+--------+
         Total |   3595 |   3353 |    242 |     45 |   2765 |   5 |  719.0 |
       Dungeon |   3595 |   3353 |    242 |     45 |   2765 |   5 |  719.0 |
               +--------+--------+--------+--------+--------+-----+--------+

Top non-repeatable levels by time:
     D:3: 1573 daAuts
     D:1: 976 daAuts
     D:2: 814 daAuts
     D:4: 139 daAuts
     D:7: 92 daAuts
